 Dungeon Crawl Stone Soup version 0.25-a0-353-ged6d54792d (webtiles) character file.

Game seed: 5154052524665669242, levelgen mode: deterministic

9694 Inarius the Cleaver (level 11, 0/81 HPs)
             Began as a Mummy Gladiator on Jan 2, 2020.
             Was an Initiate of Gozag.
             Slain by Snorg (5 damage)
             ... on level 10 of the Dungeon.
             The game lasted 00:22:51 (16227 turns).

Inarius the Cleaver (Mummy Gladiator)              Turns: 16227, Time: 00:22:52

Health: 0/81       AC: 14    Str: 21    XL:     11   Next: 26%
Magic:  14/14      EV:  9    Int:  8    God:    Gozag
Gold:   1791       SH:  0    Dex: 13    Spells: 10/10 levels left

rFire    x . .     SeeInvis .   u - +0 broad axe
rCold    + . .     Gourm    .   (no shield)
rNeg     + + +     Faith    .   m - +0 chain mail
rPois    ∞         Spirit   .   c - +0 helmet
rElec    .         Reflect  .   t - +0 cloak
rCorr    .         Harm     .   (no gloves)
MR       +....                  a - +0 pair of boots
Stlth    ..........             (no amulet)
HPRegen  0.23/turn              (no ring)
MPRegen  0.14/turn              (no ring)

@: no status effects
A: no food or potions, fire vulnerability, cold resistance 1, negative energy
resistance 3, torment resistance, unbreathing
a: Potion Petition, Call Merchant, Bribe Branch, Renounce Religion


You were on level 10 of the Dungeon.
You worshipped Gozag.
Gozag was most pleased with you.
You were not hungry.

You visited 1 branch of the dungeon, and saw 10 of its levels.

You collected 1861 gold pieces.
You paid 70 gold pieces to Gozag.

Inventory:

Hand Weapons
 r - a +0 whip of flaming
 s - a +4 quarterstaff of chaos
 u - a +0 broad axe (weapon)
Missiles
 d - 6 throwing nets
 k - 11 boomerangs
 o - a javelin (quivered)
Armour
 a - a +0 pair of boots (worn)
 c - a +0 helmet (worn)
 j - a +0 large shield
 m - a +0 chain mail (worn)
 t - a +0 cloak (worn)
 w - a +0 ring mail of fire resistance
Wands
 p - a wand of paralysis (1)
 q - a wand of random effects (18)
 x - a wand of flame (25)
Scrolls
 b - 7 scrolls of identify
 e - 4 scrolls of amnesia
 f - 4 scrolls of random uselessness
 g - 7 scrolls of remove curse
 h - 4 scrolls of enchant armour
 i - a scroll of noise
 l - 6 scrolls of teleportation
 n - a scroll of enchant weapon {unknown}
 v - a scroll of silence {unknown}
 z - a scroll of blinking


   Skills:
 + Level 5.7 Fighting
 * Level 10.5 Axes
 - Level 0.8 Staves
 - Level 1.5 Throwing
 * Level 7.0 Armour
 - Level 2.4 Dodging
 * Level 4.9 Shields
 * Level 4.2 Evocations


You had 10 spell levels left.
You didn't know any spells.
Your spell library contained the following spells:

 Spells                   Type           Power        Failure   Level  Hunger
 Foxfire                  Conj/Fire      #...         98%         1    N/A
 Conjure Flame            Conj/Fire      #.......     100%        3    N/A
 Inner Flame              Hex/Fire       #.......     100%        3    N/A
 Sticky Flame             Conj/Fire      #.......     100%        4    N/A
 Fireball                 Conj/Fire      #.........   100%        5    N/A

Dungeon Overview and Level Annotations

Branches:
Dungeon (10/15)            Temple (0/1) D:6            Lair (0/6) D:10
    Orc: D:9-12

Altars:
Ashenzari
Cheibriados
Dithmenos
Elyvilon
Gozag
Kikubaaqudgha
Nemelex Xobeh
Uskayaw
Wu Jian
Zin
The Shining One

Shops:
D:4 *   D:7 (

Annotations:
D:10 2 transporters, GreatBrownShark's ghost, novice HaHu; Snorg


Innate Abilities, Weirdness & Mutations

You do not eat or drink.
Your flesh is vulnerable to fire.
You are immune to poison.
Your flesh is cold resistant. (rC+)
You are immune to negative energy. (rN+++)
You are immune to unholy pain and torment.
You can survive without breathing.


Message History

Snorg is heavily wounded.
You barely miss Snorg.
Snorg is heavily wounded.
Snorg barely misses you. Snorg claws you but does no damage. Snorg claws you.
* * * LOW HITPOINT WARNING * * *
You closely miss Snorg.
Snorg is heavily wounded.
You barely miss the river rat. The river rat misses you.
Snorg barely misses you. Snorg claws you.
* * * LOW HITPOINT WARNING * * *
Snorg claws you but does no damage.
You barely miss Snorg.
Snorg is heavily wounded.
You closely miss the river rat. The river rat bites you!
* * * LOW HITPOINT WARNING * * *
Snorg bites you!
* * * LOW HITPOINT WARNING * * *
Snorg barely misses you. Snorg claws you.
You die...
Your body crumbles into a pile of gold.

###..............###.#
####.......######..#
##.<.....#####..#
##..###........##
#..## ###.....## #..#
###...# ### ##.##
##..# #.####..# #..#
##....@###### #..#
#.###Tr....######..###
### #............Y....
##}######......... #.#
#####..... #$# #.....
#.# #..##. #.. #..##.
#..# #####.....


You could see Snorg and a river rat.

Vanquished Creatures
  A two-headed ogre (D:8)
  A death yak (D:9)
  An unseen horror (D:9)
  An ugly thing (D:9)
  A merfolk (D:9)
  Grinder (D:4)
  Sigmund (D:2)
  19 yaks
  Duvessa (D:7)
  A porcupine (D:9)
  An orc warrior (D:8)
  3 sky beasts
  5 ice beasts
  2 black bears
  2 necrophages
  2 phantoms
  3 ogres
  2 centaurs
  A big kobold (D:8)
  5 bullfrogs
  Dowan (D:7)
  2 scorpions
  3 killer bees (D:10)
  5 howler monkeys
  A centaur zombie (D:5)
  3 crimson imps
  A bullfrog zombie (D:5)
  A quasit (D:7)
  6 orc priests
  3 hounds
  2 jellies
  7 orc wizards
  Crazy Yiuf (D:7)
  2 bullfrog skeletons
  4 iguanas
  8 worker ants
  Natasha (thrice) (D:2)
  A hell rat (D:10)
  A hound skeleton (D:8)
  2 worker ant zombies
  3 gnolls (D:4)
  A howler monkey skeleton (D:4)
  7 adders
  2 river rats (D:10)
  A shadow imp (D:9)
  2 oozes
  An adder skeleton (D:4)
  A worm (D:5)
  4 leopard geckos
  35 orcs
  7 giant cockroaches
  11 goblins
  13 hobgoblins
  11 jackals
  9 kobolds
  6 quokkas
  4 bats
  7 frilled lizards
  A jackal skeleton (D:5)
  2 quokka skeletons
  A quokka zombie (D:7)
  9 rats
  A bush (D:7)
  A fungus (D:7)
251 creatures vanquished.

Notes
Turn   | Place    | Note
-------+----------+-------------------------------------------
     0 | D:1      | Inarius the Mummy Gladiator began the quest for the Orb.
     0 | D:1      | Reached XP level 1. HP: 16/16 MP: 1/1
   327 | D:1      | Reached XP level 2. HP: 21/22 MP: 2/2
   578 | D:1      | Reached skill level 3 in Axes
  1101 | D:2      | Noticed Sigmund
  1425 | D:2      | Reached XP level 3. HP: 27/27 MP: 3/3
  1650 | D:2      | Reached skill level 1 in Armour
  1862 | D:2      | Noticed Natasha
  1872 | D:2      | Killed Natasha
  1872 | D:2      | Reached XP level 4. HP: 6/33 MP: 4/4
  2696 | D:3      | Reached skill level 4 in Axes
  3201 | D:4      | Reached XP level 5. HP: 25/39 MP: 5/5
  3332 | D:4      | Reached skill level 1 in Shields
  3715 | D:4      | Noticed a phantom
  3742 | D:4      | Killed a phantom
  3742 | D:4      | Reached XP level 6. HP: 35/46 MP: 6/6
  4254 | D:4      | Noticed Grinder
  4331 | D:4      | Reached skill level 5 in Axes
  4401 | D:4      | Found an opulent altar of Gozag.
  4405 | D:4      | Found Gozag's Platinum Reserve.
  4409 | D:4      | Became a worshipper of Gozag Ym Sagoz the Greedy
  4423 | D:5      | Entered Level 5 of the Dungeon
  4473 | D:4      | Reached XP level 7. HP: 16/51 MP: 7/7
  5409 | D:5      | Found a shadowy altar of Dithmenos.
  5760 | D:6      | Reached skill level 6 in Axes
  5858 | D:6      | Found a sparkling altar of Nemelex Xobeh.
  5949 | D:6      | Reached XP level 8. HP: 35/58 MP: 8/8
  6107 | D:6      | Reached skill level 1 in Evocations
  6580 | D:6      | Reached skill level 7 in Axes
  6961 | D:6      | Found a staircase to the Ecumenical Temple.
  7245 | D:7      | Found Zeiphok's Antique Weapon Boutique.
  7258 | D:7      | Noticed Duvessa
  7258 | D:7      | Noticed Dowan
  7288 | D:7      | Killed Duvessa
  7525 | D:7      | Killed Dowan
  7741 | D:7      | Found a shadowy altar of Dithmenos.
  7778 | D:7      | Found a shattered altar of Ashenzari.
  7795 | D:7      | Reached XP level 9. HP: 52/65 MP: 10/10
  8067 | D:7      | Found a hide-covered altar of Uskayaw.
  8067 | D:7      | Found a glowing silver altar of Zin.
  8188 | D:7      | Found a glowing golden altar of the Shining One.
  8476 | D:7      | Found a runed translucent door.
  8477 | D:7      | Noticed Crazy Yiuf
  8490 | D:7      | Killed Crazy Yiuf
  9074 | D:8      | Reached skill level 5 in Armour
  9204 | D:8      | Reached skill level 8 in Axes
  9546 | D:8      | Noticed a two-headed ogre
  9558 | D:8      | Killed a two-headed ogre
  9641 | D:8      | Found a snail-covered altar of Cheibriados.
  9642 | D:8      | Found an ornate altar of the Wu Jian Council.
  9721 | D:7      | Found a white marble altar of Elyvilon.
  9721 | D:7      | Found an ancient bone altar of Kikubaaqudgha.
 10388 | D:8      | Reached XP level 10. HP: 53/73 MP: 12/12
 10941 | D:9      | Reached skill level 9 in Axes
 11035 | D:9      | Noticed a red ugly thing
 11305 | D:8      | Reached skill level 5 in Fighting
 11672 | D:9      | Killed a red ugly thing
 11700 | D:9      | Killed an unseen horror
 12750 | D:10     | Entered Level 10 of the Dungeon
 12765 | D:9      | Reached skill level 10 in Axes
 13894 | D:9      | Reached XP level 11. HP: 50/80 MP: 12/14
 14193 | D:10     | Found a transporter.
 14196 | D:10     | Noticed GreatBrownShark's ghost (novice HaHu)
 14200 | D:10     | Noticed a catoblepas
 14210 | D:10     | Found a transporter.
 14726 | D:10     | Noticed a death yak
 14729 | D:10     | Noticed a death yak
 15053 | D:10     | Found a staircase to the Lair.
 15066 | D:10     | Noticed a death yak
 15067 | D:10     | Noticed a two-headed ogre
 15092 | D:9      | Killed a death yak
 15583 | D:4      | Killed Grinder
 15804 | D:2      | Noticed Natasha
 15815 | D:2      | Killed Natasha
 15848 | D:2      | Noticed Natasha
 15852 | D:2      | Killed Natasha
 15869 | D:2      | Killed Sigmund
 16191 | D:10     | Noticed Snorg
 16227 | D:10     | Slain by Snorg

Levels and vault maps discovered:
D:1:      dpeg_arrival_round_a, layout_basic
D:2:      layout_loops_ring, minmay_misc_feat_rows, uniq_natasha, uniq_sigmund
D:3:      layout_loops_corners, st_stairs_9
D:4:      cheibrodos_greedy_goblins, layout_loops_ring,
          nicolae_gozag_zags_fifth_avenue, uniq_grinder
D:5:      layout_gridville, first_ration, basic_altar
D:6:      layout_basic, minmay_temple_entry_drinking_statues,
          nemelex_lonely_heart_becter
D:7:      layout_rooms, tso_metal_star, nicolae_overflow_hidden_temple,
          evilmike_ruin_ashenzari, serial_shops, nicolae_shop_window_shopping,
          uniq_crazy_yiuf_cottage, uniq_duvessa
D:8:      layout_rooms, chequers_temple_overflow_statue_of_worship
D:9:      layout_cave_pools, hangedman_fish_farm
D:10:     layout_layer_cave, dpeg_lair_monsters,
          gammafunk_ghost_berserking_beasts, uniq_snorg

Skill      XL: |  1  2  3  4  5  6  7  8  9 10 11 |
---------------+----------------------------------+-----
Axes           | 3 4 5 6 7 8 10 | 10.5
Armour         | 1 2 3 4 5 6 7 |  7.0
Shields        | 1 2 3 4 |  4.9
Fighting       | 3 4 5 |  5.7
Evocations     | 2 3 4 |  4.2
Staves         | |  0.8
Throwing       | |  1.5
Dodging        | |  2.4

Action                   |  1- 3 |  4- 6 |  7- 9 | 10-12 || total
-------------------------+-------+-------+-------+-------++-------
Melee: War axe           |   104 |   219 |   423 |       ||   746
       Quarterstaff      |       |       |    71 |       ||    71
       Broad axe         |       |       |    57 |   327 ||   384
Throw: Boomerang         |       |    33 |    53 |     1 ||    87
       Javelin           |       |       |       |     3 ||     3
Evoke: Wand              |       |       |     7 |    13 ||    20
  Use: Scroll            |       |       |     7 |     1 ||     8
 Stab: Sleeping          |     2 |     1 |       |       ||     3
       Distracted        |       |       |     2 |     2 ||     4
       Paralysed         |       |       |     7 |     3 ||    10
       Confused          |       |       |     1 |       ||     1
Armor: Leather armour    |    36 |     5 |       |       ||    41
       Chain mail        |       |   127 |   341 |   224 ||   692
Dodge: Dodged            |    76 |    97 |   201 |   208 ||   582

Table legend:
 A = Non-vault XP
 B = Vault XP
 C = Vault XP percentage of total XP
 D = Non-vault monster count
 E = Vault monster count
 F = Vault count percentage of total count
                 A         B        C        D         E       F
            +---------+---------+-------+---------+---------+-------
      Total |   11646 |    2203 |  15.9 |     222 |      27 |  10.8
            +---------+---------+-------+---------+---------+-------
        D:1 |      29 |       0 |   0.0 |      18 |       0 |   0.0
        D:2 |     132 |     281 |  68.0 |      21 |       2 |   8.7
        D:3 |      95 |       7 |   6.9 |      23 |       3 |  11.5
        D:4 |     517 |     289 |  35.9 |      18 |      10 |  35.7
        D:5 |     421 |       0 |   0.0 |      16 |       0 |   0.0
        D:6 |    1124 |       0 |   0.0 |      18 |       0 |   0.0
        D:7 |     617 |     272 |  30.6 |      17 |       3 |  15.0
        D:8 |    3284 |       0 |   0.0 |      42 |       0 |   0.0
        D:9 |    4059 |    1289 |  24.1 |      37 |       3 |   7.5
       D:10 |    1368 |      65 |   4.5 |      12 |       6 |  33.3
            +---------+---------+-------+---------+---------+-------
